 Dungeon Crawl Stone Soup version 0.28-a0-500-g121bc3e445 (webtiles) character file.

Game seed: 6019067376910793822

247 heikuro the Skirmisher (level 5, -7/47 HPs)
             Began as a Minotaur Berserker on Sept 19, 2021.
             Was a Believer of Trog.
             Mangled by an ice beast (14 damage)
             ... on level 4 of the Dungeon.
             The game lasted 00:02:07 (1097 turns).

heikuro the Skirmisher (Minotaur Berserker)         Turns: 1097, Time: 00:02:08

Health: -7/47      AC:  5    Str: 23    XL:     5   Next: 85%
Magic:  4/4        EV: 12    Int:  4    God:    Trog [**....]
Gold:   27         SH:  0    Dex:  9    Spells: 4/4 levels left

rFire   . . .      SeeInvis .   a - +0 great sword
rCold   . . .      Faith    .   (shield currently unavailable)
rNeg    . . .      Spirit   .   m - +0 steam dragon scales
rPois   .          Reflect  .   (helmet restricted)
rElec   .          Harm     .   (no cloak)
rCorr   .          Rampage  .   (no gloves)
Will    .....                   (no boots)
Stlth   +.........              (no amulet)
HPRegen 0.15/turn               (no ring)
MPRegen 0.09/turn               (no ring)

@: studying Throwing
A: horns 2, retaliatory headbutt
a: Renounce Religion, Berserk, Trog's Hand


You were on level 4 of the Dungeon.
You worshipped Trog.
Trog was pleased with you.
You visited 1 branch of the dungeon, and saw 3 of its levels.

You collected 27 gold pieces.

Inventory:

Hand Weapons
 a - a +0 great sword (weapon)
 i - a +0 hand axe
Missiles
 l - 8 poisoned darts (quivered)
Armour
 m - +0 steam dragon scales (worn)
Scrolls
 d - a scroll of magic mapping {unknown}
 g - a scroll of identify {unknown}
 h - a scroll of amnesia {unknown}
 j - a scroll of fog {unknown}
Potions
 c - a potion of resistance {unknown}
 e - a potion of cancellation {unknown}
 f - a potion of haste {unknown}
 k - a potion of flight {unknown}


   Skills:
 + Level 4.8 Fighting
 * Level 3.9 Long Blades
 - Level 4.0 Axes
 + Level 0.0 Throwing
 + Level 3.9 Armour
 + Level 3.5 Dodging


You had 4 spell levels left.
You didn't know any spells.
Your spell library was empty.

Dungeon Overview and Level Annotations

Branches:
Dungeon (2/15)

Altars:

Annotations:
D:2 Jessica


Innate Abilities, Weirdness & Mutations

You have a pair of horns on your head.
You reflexively headbutt those who attack you in melee.


Message History

You start removing your armour.
You continue taking off your +0 animal skin.
You recover from your berserk rage.
You continue taking off your +0 animal skin. x3
You finish taking off your +0 animal skin.
You start putting on your armour.
You continue putting on your +0 steam dragon scales. x5
You finish putting on your +0 steam dragon scales.
Drop what? 13/52 slots (_ for help) (? for menu, Esc to quit)
You drop a +0 animal skin.
Things that are here:
a +0 short sword; a kobold corpse; a steam dragon corpse You pick up a manual of Throwing and begin studying.
Things that are here:
a +0 short sword; a kobold corpse; a steam dragon corpse You see here a +0 animal skin.
Search for what [Enter for "axe", or ? for help]? throwing Unknown command.
An ice beast comes into view.
You closely miss the ice beast. The ice beast hits you.
The ice beast freezes you!
You closely miss the ice beast.
The ice beast hits you but does no damage. x2
You hit the ice beast.
The ice beast is lightly wounded.
The ice beast hits you. The ice beast freezes you.
You slash the ice beast! Your headbutt misses the ice beast.
The ice beast is heavily wounded.
The ice beast hits you. The ice beast freezes you. The ice beast hits you.
The ice beast freezes you!
* * * LOW HITPOINT WARNING * * *
You are too injured to fight recklessly!
You fail to use your ability.
You slash the ice beast!
You headbutt the ice beast, but do no damage.
The ice beast is severely wounded.
The ice beast hits you.
* * * LOW HITPOINT WARNING * * *
The ice beast freezes you!
You die...

..# #.## ...#
#. #>.####.. #.
#........ #.
#.# #. #†# #.
#.###.#
###.##....@#
####....#####Y#
........)[....#
.######.#####.#
##########.#
...........#
####..###### #.
#


You could see an ice beast.

Vanquished Creatures
  A steam dragon (D:4)
  A kobold brigand (D:4)
  3 adders (D:4)
  A dart slug (D:1)
  A bat (D:1)
  An endoplasm (D:1)
  3 giant cockroaches
  A goblin (D:1)
  3 hobgoblins (D:1)
  6 kobolds
  2 quokkas
  A ball python (D:1)
  A rat (D:1)
25 creatures vanquished.

Notes
Turn   | Place    | Note
-------+----------+-------------------------------------------
     0 | D:1      | heikuro the Minotaur Berserker began the quest for the Orb.
     0 | D:1      | Reached XP level 1. HP: 19/19 MP: 0/0
   519 | D:1      | Reached XP level 2. HP: 27/27 MP: 1/1
   917 | D:2      | Reached skill level 1 in Long Blades
   920 | D:2      | Noticed Jessica
   921 | D:2      | You fall into a shaft and drop 2 floors!
   928 | D:4      | Reached XP level 3. HP: 33/33 MP: 2/2
   931 | D:4      | Reached ** piety under Trog
  1017 | D:4      | Noticed a steam dragon
  1018 | D:4      | Noticed a kobold brigand
  1023 | D:4      | Killed a steam dragon
  1024 | D:4      | Reached XP level 4. HP: 41/41 MP: 3/3
  1024 | D:4      | Reached XP level 5. HP: 47/47 MP: 4/4
  1081 | D:4      | Noticed an ice beast
  1097 | D:4      | Mangled by an ice beast

Illustrated notes

Levels and vault maps discovered:
D:1:      dpeg_arrival_round_b, layout_loops_ring, lemuel_old_faithful
D:2:      layout_basic, serial_shops, nicolae_shop_window_shopping, basic_altar,
          uniq_jessica
D:4:      layout_loops_ring, minmay_temple_entry_slanted, grunt_ministairs_9,
          minmay_manual_monolith

Skill      XL: |  1  2  3 |
---------------+----------+-----
Axes           | 4 |  4.0
Long Blades    | 1 3 |  3.9
Fighting       | 4 |  4.8
Armour         | 3 |  3.9
Dodging        | 3 |  3.5

Action                   |  1- 3 |  4- 6 || total
-------------------------+-------+-------++-------
Melee: Hand axe          |    14 |       ||    14
       Great sword       |    22 |     9 ||    31
       Headbutt          |     4 |     1 ||     5
Invok: Berserk           |     2 |       ||     2
Armor: Animal skin       |     8 |       ||     8
       Steam dragon scal |       |     2 ||     2
Dodge: Dodged            |    31 |     2 ||    33

Table legend: (Time is in decaauts)
 A = Elapsed time spent in this place.
 B = Non-inter-level travel time spent in this place.
 C = Inter-level travel time spent in this place.
 D = Time resting spent in this place.
 E = Time spent auto-exploring this place.
 F = Levels seen in this place.
 G = Mean time per level.
                   A        B        C        D        E       F      G
               +--------+--------+--------+--------+--------+-----+--------+
         Total |   1135 |   1100 |     35 |    378 |    474 |   3 |  378.3 |
       Dungeon |   1135 |   1100 |     35 |    378 |    474 |   3 |  378.3 |
               +--------+--------+--------+--------+--------+-----+--------+

Top non-repeatable levels by time:
     D:1: 898 daAuts
     D:4: 202 daAuts
     D:2: 34 daAuts
